 Dungeon Crawl Stone Soup version 0.30-a0-585-g93115170b9 (webtiles) character file.

Game seed: 11472266645709878445

1187 Errthou the Cleaver (level 8, -4/64 HPs)
             Began as a Minotaur Berserker on Jan 2, 2023.
             Was a Priest of Trog.
             Slain by a gnoll
             ... wielding a +0 spear
             ... led by a gnoll sergeant
              (6 damage)
             ... on level 6 of the Dungeon.
             The game lasted 00:12:26 (4543 turns).

Errthou the Cleaver (Minotaur Berserker)            Turns: 4543, Time: 00:12:27

Health: -4/64      AC:  9    Str: 24    XL:     8   Next: 19%
Magic:  7/7        EV:  8    Int:  4    God:    Trog [***...]
Gold:   212        SH:  0    Dex: 10    Spells: 7/7 levels left

rFire   . . .      SeeInvis .    p - +4 flail (drain)
rCold   . . .      Faith    .    (no shield)
rNeg    . . .      Spirit   .    z - +0 chain mail
rPois   .          Reflect  .    (helmet restricted)
rElec   .          Harm     .    (no cloak)
rCorr   .          Rampage  .    k - +0 pair of gloves
Will    ++...                    (no boots) Stlth
                                 (no amulet)
HPRegen 1.30/turn                (no ring)
MPRegen 0.10/turn                (no ring)

@: lethally poisoned (-4 -> -15), strong-willed, on berserk cooldown,
regenerating, slowed, very slow
A: horns 2, retaliatory headbutt
a: Renounce Religion, Berserk, Trog's Hand


You were on level 6 of the Dungeon.
You worshipped Trog.
Trog was most pleased with you.
You visited 1 branch of the dungeon, and saw 6 of its levels.

You collected 212 gold pieces.

Inventory:

Hand Weapons
 a - a +0 hand axe
 p - a +4 flail of draining (weapon)
Armour
 k - a +0 pair of gloves (worn)
 z - a +0 chain mail (worn)
Jewellery
 g - a +6 ring of intelligence
 t - an amulet of faith
Wands
 l - a wand of polymorph (8)
 w - a wand of flame (22)
Scrolls
 c - a scroll of fear {unknown}
 d - 3 scrolls of identify
 h - 2 scrolls of blinking {unknown}
 i - a scroll of torment {unknown}
 j - 3 scrolls of teleportation {unknown}
 m - a scroll of acquirement {unknown}
 n - a scroll of summoning {unknown}
 q - a scroll of amnesia {unknown}
 s - a scroll of noise {unknown}
 u - a scroll of magic mapping {unknown}
 y - a scroll of immolation {unknown}
Potions
 b - a potion of brilliance
 f - a potion of curing
 o - a potion of degeneration
 r - a potion of might
 v - a potion of cancellation
 x - a potion of heal wounds


   Skills:
 - Level 3.6 Fighting
 + Level 11.3(11.6) Axes
 + Level 4.5(8.5) Maces & Flails
 - Level 2.4 Armour
 - Level 2.1 Dodging


You had 7 spell levels left.
You didn't know any spells.
Your spell library was empty.

Dungeon Overview and Level Annotations

Branches:
Dungeon (6/15)
 Temple: D:4-7

Altars:

Shops:
D:3 :

Annotations:
D:4 1 runed translucent door, kristalshard's ghost, amateur HuCA
D:5 3 runed translucent doors, fly's ghost, weakling DgDe


Innate Abilities, Weirdness & Mutations

You have a pair of horns on your head.
You reflexively headbutt those who attack you in melee.


Message History

You feel a strong urge to attack something.
You struggle against the net.
The gnoll sergeant hits you but does no damage.
The gnoll hits you but does no damage.
You rip the net and break free!
You feel your anger nearly subside.
You are no longer berserk.
You are exhausted.
You feel yourself slow down.
The gnoll hits you from afar with a +0 spear.
The gnoll hits you with a +0 whip.
The gnoll sergeant completely misses you.
You bludgeon the gnoll!!
You kill the gnoll!
Trog accepts your kill. The gnoll hits you but does no damage.
The gnoll sergeant hits you from afar with a +2 spear of venom!
The gnoll hits you with a +0 spear.
The gnoll hits you from afar with a +0 spear.
The gnoll hits you with a +0 whip.
The gnoll sergeant hits you with a +2 spear of venom!
You are poisoned.
The gnoll sergeant hits you with a +2 spear of venom!
The gnoll hits you from afar with a +0 spear!
* * * LOW HITPOINT WARNING * * *
The gnoll hits you but does no damage. The gnoll barely misses you.
There is an open door, spattered with blood here.
You see here a +0 whip.
You hit the gnoll sergeant.
The gnoll sergeant is lightly wounded.
You feel very sick. The gnoll closely misses you. You furiously retaliate!
You headbutt the gnoll!
You kill the gnoll!
Trog accepts your kill. The gnoll hits you with a +0 whip.
* * * LOW HITPOINT WARNING * * *
The gnoll sergeant hits you with a +2 spear of venom!
* * * LOW HITPOINT WARNING * * *
You are lethally poisoned!
The gnoll hits you from afar with a +0 spear.
You die...

##.......##
#.........#
+.........+
#.........#
#.......# #..gD.#
#gg)# #@# #.#
#(## ######..###
#.####......#..#
#..........###.##
######<##.##
##.## #.#.##
##.####.# #.##.##
##.......#


You could see a steam dragon, a gnoll sergeant and 2 gnolls.

Vanquished Creatures
  An orc warrior (D:4)
  4 phantoms
  A centaur (D:5)
  2 necrophages
  A kobold brigand (D:5)
  An orc priest (D:4)
  A hound (D:5)
  Natasha (thrice) (D:3)
  4 orc wizards
  Robin (D:3)
  10 gnolls
  7 adders
  A shadow imp (D:4)
  A white imp (D:3)
  2 ufetubi
  A worm (D:3)
  4 dart slugs
  14 orcs
  5 ball pythons
  2 endoplasms
  9 goblins
  10 hobgoblins
  3 quokkas
  2 bats (D:1)
  3 frilled lizards
  22 kobolds
  4 rats
119 creatures vanquished.

Vanquished Creatures (others)
  14 plants (D:5)
14 creatures vanquished.

Grand Total: 133 creatures vanquished

Notes
Turn   | Place    | Note
-------+----------+-------------------------------------------
     0 | D:1      | Errthou the Minotaur Berserker began the quest for the Orb.
     0 | D:1      | Reached XP level 1. HP: 19/19 MP: 0/0
    49 | D:1      | Reached skill level 4 in Axes
   151 | D:1      | Reached XP level 2. HP: 21/26 MP: 1/1
   245 | D:1      | You fall into a shaft and drop 1 floor!
   411 | D:2      | Reached skill level 5 in Axes
   418 | D:2      | Reached XP level 3. HP: 19/31 MP: 2/2
   727 | D:2      | Reached ** piety under Trog
   728 | D:2      | Reached XP level 4. HP: 35/39 MP: 3/3
   760 | D:2      | Reached skill level 6 in Axes
  1242 | D:3      | Noticed Natasha
  1253 | D:3      | Killed Natasha
  1254 | D:3      | Reached skill level 7 in Axes
  1254 | D:3      | Reached XP level 5. HP: 35/45 MP: 4/4
  1446 | D:3      | Found Qamept's Book Shop.
  1482 | D:3      | Noticed Natasha
  1491 | D:3      | Killed Natasha
  1869 | D:3      | Noticed Natasha
  1876 | D:3      | Killed Natasha
  1877 | D:3      | Reached skill level 8 in Axes
  1981 | D:3      | Reached XP level 6. HP: 41/51 MP: 5/5
  2199 | D:4      | Noticed Robin
  2474 | D:3      | Killed Robin
  2618 | D:4      | Reached skill level 9 in Axes
  2696 | D:4      | Found a runed translucent door.
  2696 | D:4      | Noticed kristalshard's ghost (amateur HuCA)
  2798 | D:4      | Reached *** piety under Trog
  3117 | D:4      | Noticed an orc warrior
  3121 | D:4      | Reached XP level 7. HP: 57/57 MP: 6/6
  3127 | D:4      | Reached skill level 10 in Axes
  3513 | D:5      | Entered Level 5 of the Dungeon
  3602 | D:5      | Reached skill level 1 in Maces & Flails
  3670 | D:5      | Found a runed translucent gate.
  3671 | D:5      | Found a runed translucent gate.
  3671 | D:5      | Noticed fly's ghost (weakling DgDe)
  3671 | D:5      | Identified the +1 leather armour of the Apple {rN+ MP+9}
  3672 | D:5      | Found a runed translucent gate.
  3799 | D:5      | Reached skill level 11 in Axes
  3799 | D:5      | Reached XP level 8. HP: 43/64 MP: 7/7
  4543 | D:6      | HP: 2/64 [gnoll sergeant/+2 spear of venom (7)]
  4543 | D:6      | Slain by a gnoll

Illustrated notes

Levels and vault maps discovered:
D:1:      spicycebolla_arrival_ecumenical, layout_rooms
D:2:      layout_basic, hangedman_decor_growths
D:3:      layout_basic, serial_shops, nicolae_shop_hallway_plus, uniq_natasha
D:4:      layout_cave_pods, hellmonk_ghost_happy_afterlife,
          hangedman_abyss_or_decor_slice, guppyfry_early_orc_mine, uniq_robin
D:5:      kennysheep_kobold_camp, layout_loops_ring, biasface_ghost_orc_armoury
D:6:      layout_loops_corners, dreamdust_divine_triumvirate,
          nicolae_dithmenos_the_darkroom, overflow_temple_1_default,
          corner_web_ring, nicolae_elemental_shop

Skill      XL: |  1  2  3  4  5  6  7  8 |
---------------+-------------------------+-----
Axes           | 4 5 7 8 9 11 | 11.3
Maces & Flails | 3 4 |  4.5
Fighting       | |  3.6
Armour         | |  2.4
Dodging        | |  2.1

Action                   |  1- 3 |  4- 6 |  7- 9 || total
-------------------------+-------+-------+-------++-------
Melee: Hand axe          |    46 |   161 |     9 ||   216
       Headbutt          |     6 |    28 |    10 ||    44
       Punch             |       |     2 |       ||     2
       Flail             |       |       |    85 ||    85
Invok: Berserk           |       |     2 |     2 ||     4
       Trog's Hand       |       |     2 |     2 ||     4
  Use: Scroll            |       |     1 |     5 ||     6
Armor: Animal skin       |     4 |       |       ||     4
       Ring mail         |     7 |    46 |    32 ||    85
       Chain mail        |       |       |     8 ||     8
Dodge: Dodged            |    23 |    76 |    39 ||   138

Table legend: (Time is in decaauts)
 A = Elapsed time spent in this place.
 B = Non-inter-level travel time spent in this place.
 C = Inter-level travel time spent in this place.
 D = Time resting spent in this place.
 E = Time spent auto-exploring this place.
 F = Levels seen in this place.
 G = Mean time per level.
                   A        B        C        D        E       F      G
               +--------+--------+--------+--------+--------+-----+--------+
         Total |   4574 |   4470 |    104 |    858 |   2835 |   6 |  762.3 |
       Dungeon |   4574 |   4470 |    104 |    858 |   2835 |   6 |  762.3 |
               +--------+--------+--------+--------+--------+-----+--------+

Top non-repeatable levels by time:
     D:3: 1339 daAuts
     D:4: 1073 daAuts
     D:5: 970 daAuts
     D:2: 873 daAuts
     D:1: 246 daAuts
     D:6: 69 daAuts
